 Dungeon Crawl Stone Soup version 0.23.2-30-g0e89c35649 (webtiles) character file.

Game seed: 15946984753196244578

168 Atelerd the Sneak (level 5, -1/31 HPs)
             Began as an Octopode Wizard on June 19, 2019.
             Killed by nerve-wracking pain
             ... invoked by an orc priest
              (5 damage)
             ... on level 4 of the Dungeon.
             The game lasted 00:06:11 (3787 turns).

Atelerd the Sneak (Octopode Wizard)                 Turns: 3787, Time: 00:06:13

Health: -1/31      AC:  1    Str:  6    XL:     5   Next: 49%
Magic:  8/10       EV: 13    Int: 22    God:
Gold:   151        SH:  0    Dex: 10    Spells: 7/11 levels left

rFire    . . .     SeeInvis .   s - +1 dagger (venom)
rCold    . . .     Gourm    .   (no shield)
rNeg     . . .     Faith    .   a - +0 hat
rPois    .         Spirit   .   (no amulet)
rElec    .         Reflect  .   (no ring)
rCorr    .         Harm     .   (no ring)
MR       .....                  (no ring)
Stlth    +++.......             (no ring)
HPRegen  0.10/turn              (no ring)
MPRegen  0.12/turn              (no ring)
                                (no ring)
                                (no ring)

@: no status effects
A: almost no armour, stealthy swim, amphibious, 8 rings, constrict 8, camouflage
1, gelatinous body 1
a: no special abilities


You were on level 4 of the Dungeon.
You were not hungry.

You visited 1 branch of the dungeon, and saw 4 of its levels.

You collected 151 gold pieces.

Inventory:

Hand Weapons
 o - a +0 dagger
 p - a +0 hunting sling
 r - a +1 hunting sling of freezing
 s - a +1 dagger of venom (weapon)
Missiles
 d - 21 sling bullets
 q - 90 stones (quivered)
Armour
 a - a +0 hat (worn)
Jewellery
 i - an uncursed amulet of rage
Scrolls
 b - a scroll of magic mapping {unknown}
 e - a scroll of amnesia {unknown}
 f - a scroll of enchant weapon {unknown}
 g - 2 scrolls of blinking {unknown}
 h - 2 scrolls of teleportation
 j - a scroll of fog {unknown}
 k - 3 scrolls of remove curse
 l - 2 scrolls of random uselessness {unknown}
 m - a scroll of identify {unknown}
 n - a scroll of noise {unknown}
Comestibles
 c - 7 rations


   Skills:
 - Level 2.0 Dodging
 + Level 4.4 Stealth
 + Level 3.7 Spellcasting
 * Level 3.7 Conjurations
   Level 1.0 Summonings
   Level 1.0 Translocations


You had 7 spell levels left.
You knew the following spells:

 Your Spells              Type           Power        Failure   Level  Hunger
a - Magic Dart            Conj           ###.         2%          1    None
b - Mephitic Cloud        Conj/Pois/Air  #.......     21%         3    ###....

Your spell library contained the following spells:

 Spells                   Type           Power        Failure   Level  Hunger
 Blink                    Tloc           N/A          12%         2    #......
 Call Imp                 Summ           #.......     12%         2    #......
 Conjure Flame            Conj/Fire      ##......     16%         3    ###....
 Slow                     Hex            #.......     17%         2    #......


Dungeon Overview and Level Annotations

Branches:
Dungeon (4/15)
 Temple: D:4-7

Altars:
Fedhas


Innate Abilities, Weirdness & Mutations

You cannot wear most types of armour.
You are very stealthy in the water. (Stealth+)
You are amphibious.
You can wear up to eight rings at the same time.
You can use your tentacles to constrict eight enemies at once.
Your skin changes colour to match your surroundings (Stealth+).
Your rubbery body absorbs attacks. (AC +1, EV +1)


Message History

Press: ? - help, Shift-Dir - straight line, f - orc wizard
Aim: an orc wizard, wielding a +0 dagger and wearing a +0 robe (lightly wounded, poisoned)
The magic dart hits the orc wizard.
The orc wizard is moderately wounded.
You constrict the orc priest, but do no damage.
The orc wizard barely misses you. The orc priest hits you.
* * * LOW HITPOINT WARNING * * *
Casting: Magic Dart (safe; 2% risk of failure)
Confirm with . or Enter, or press ? or * to list all spells.
Aiming: Magic Dart (safe; 2% risk of failure)
Press: ? - help, Shift-Dir - straight line, f/p - orc wizard
Aim: an orc wizard, wielding a +0 dagger and wearing a +0 robe (moderately wounded, poisoned)
The magic dart hits the orc wizard but does no damage.
The orc wizard is moderately wounded.
You constrict the orc priest, but do no damage.
The orc wizard hits you with a +0 dagger.
* * * LOW HITPOINT WARNING * * *
The orc priest mumbles some strange prayers to Beogh against you.
Pain shoots through your body!
You die...

## #. #. #. #.
######.######.#
.......oo......
#.@## #..<#
#...# #....
#.#.## )...#
.#.... .......
.# #..#.


You could see an orc priest and an orc wizard.

Vanquished Creatures
  An orc wizard (D:3)
  4 adders
  An ooze (D:1)
  A worm (D:2)
  2 dart slugs
  3 leopard geckos
  10 orcs
  6 bats
  4 giant cockroaches (D:3)
  10 goblins
  11 hobgoblins
  5 jackals
  A quokka (D:3)
  2 ball pythons
  2 frilled lizards
  6 kobolds
  6 rats
75 creatures vanquished.

Notes
Turn   | Place    | Note
-------+----------+-------------------------------------------
     0 | D:1      | Atelerd the Octopode Wizard began the quest for the Orb.
     0 | D:1      | Reached XP level 1. HP: 11/11 MP: 4/4
   282 | D:1      | Reached skill level 3 in Stealth
   282 | D:1      | Reached XP level 2. HP: 9/17 MP: 1/6
  1186 | D:2      | Reached XP level 3. HP: 21/21 MP: 5/7
  1191 | D:2      | Learned a level 3 spell: Mephitic Cloud
  1903 | D:2      | Reached XP level 4. HP: 27/27 MP: 0/9
  2178 | D:3      | Reached skill level 4 in Stealth
  2220 | D:3      | Reached XP level 5. HP: 24/31 MP: 0/10
  2825 | D:3      | Found a blossoming altar of Fedhas.
  3787 | D:4      | Killed from afar by an orc priest

Skill      XL: |  1  2  3  4 |
---------------+-------------+-----
Stealth        | 3 4 |  4.4
Conjurations   | 2 3 |  3.7
Dodging        | |  2.0
Spellcasting   | |  3.7
Summonings     | |  1.0
Translocations | |  1.0

Action                   |  1- 3 |  4- 6 || total
-------------------------+-------+-------++-------
Melee: Unarmed           |    53 |    15 ||    68
       Constrict         |    12 |    12 ||    24
       Tentacles         |     7 |     4 ||    11
       Dagger            |       |    25 ||    25
 Fire: Hunting sling     |       |    35 ||    35
 Cast: Magic Dart        |    52 |    59 ||   111
       Mephitic Cloud    |     2 |     4 ||     6
  Use: Potion            |     1 |     1 ||     2
       Scroll            |       |     2 ||     2
 Stab: Sleeping          |     1 |     2 ||     3
       Confused          |     1 |       ||     1
       Distracted        |       |     1 ||     1
  Eat: Chunk             |     2 |     7 ||     9
Armor: Skin              |    10 |     9 ||    19
Dodge: Dodged            |    36 |    67 ||   103
